 Dungeon Crawl Stone Soup version 0.25-a0-365-g7600c65aa0 (webtiles) character file.

Game seed: 8203377973714624818, levelgen mode: deterministic

70 PentaManta the Ducker (level 4, -2/22 HPs)
             Began as a Spriggan Gladiator on Jan 5, 2020.
             Slain by a gnoll
             ... wielding a +0 halberd
              (4 damage)
             ... on level 4 of the Dungeon.
             The game lasted 00:01:58 (1612 turns).

PentaManta the Ducker (Spriggan Gladiator)          Turns: 1612, Time: 00:02:00

Health: -2/22      AC:  2    Str: 10    XL:     4   Next: 4%
Magic:  5/5        EV: 22    Int:  9    God:
Gold:   103        SH:  0    Dex: 18    Spells: 3/3 levels left

rFire    . . .     SeeInvis +   a - +0 long sword
rCold    . . .     Gourm    .   (shield restricted)
rNeg     . . .     Faith    .   b - +0 robe
rPois    .         Spirit   .   c - +0 hat
rElec    .         Reflect  .   (no cloak)
rCorr    .         Harm     .   (gloves unavailable)
MR       .....                  (boots unavailable)
Stlth    ++........             (no amulet)
HPRegen  0.07/turn              (no ring)
MPRegen  0.09/turn              (no ring)

@: very quick
A: very small, unfitting armour, see invisible, herbivore, speed 3, slow
metabolism 2
a: no special abilities


You were on level 4 of the Dungeon.
You were not hungry.

You visited 1 branch of the dungeon, and saw 3 of its levels.

You collected 103 gold pieces.

Inventory:

Hand Weapons
 a - a +0 long sword (weapon)
 g - a +0 dagger
Missiles
 d - 3 throwing nets (quivered)
Armour
 b - a +0 robe (worn)
 c - a +0 hat (worn)
Scrolls
 e - 2 scrolls of amnesia {unknown}
 h - a scroll of enchant weapon {unknown}
 l - 2 scrolls of teleportation {unknown}
 m - 2 scrolls of identify {unknown}
 o - a scroll of immolation {unknown}
Potions
 i - a potion of mutation {unknown}
 j - a potion of berserk rage {unknown}
 k - a potion of resistance {unknown}
 n - a potion of cancellation {unknown}
 p - a potion of might {unknown}
Comestibles
 f - 4 rations


   Skills:
 - Level 1.5 Fighting
 + Level 3.0 Long Blades
 - Level 2.0 Throwing
 * Level 6.4 Dodging


You had 3 spell levels left.
You didn't know any spells.
Your spell library was empty.

Dungeon Overview and Level Annotations

Branches:
Dungeon (2/15)

Altars:
Cheibriados


Innate Abilities, Weirdness & Mutations

You are very small and have problems with some larger weapons.
You are too small for most types of armour.
You have supernaturally acute eyesight. (SInv)
You are a herbivore.
You cover ground extremely quickly.
You need to consume almost no food.


Message History

The bullfrog skeleton hits you. The gnoll completely misses you.
You hit the gnoll.
The gnoll is heavily wounded.
The bullfrog skeleton hits you.
* * * LOW HITPOINT WARNING * * *
The gnoll hits you with a +0 club.
* * * LOW HITPOINT WARNING * * *
The gnoll misses you. x2
The bullfrog skeleton completely misses you.
You slash the gnoll!
The gnoll is severely wounded.
The gnoll barely misses you. The gnoll completely misses you.
You riposte.
You closely miss the gnoll.
The gnoll is heavily wounded.
The bullfrog skeleton completely misses you.
You riposte.
You hit the bullfrog skeleton.
The bullfrog skeleton is moderately damaged.
The hound skeleton closely misses you.
The gnoll hits you from afar with a +0 halberd.
You die...

....... ......$
.......
.......#########
...............#
...............#
......ZZ.......#
..[..gg@.......#
......g........#
...............#
........(......##
###########.....#
#.....# #.....#
#.....#
#####.....#


You could see 3 gnolls, a hound skeleton and a bullfrog skeleton.

Vanquished Creatures
  2 gnolls
  An adder (D:2)
  A dart slug (D:1)
  A leopard gecko (D:2)
  4 bats
  2 giant cockroaches
  4 goblins
  5 hobgoblins (D:1)
  4 jackals (D:1)
  6 kobolds
  4 frilled lizards
  2 rats
36 creatures vanquished.

Notes
Turn   | Place    | Note
-------+----------+-------------------------------------------
     0 | D:1      | PentaManta the Spriggan Gladiator began the quest for the
                  | Orb.
     0 | D:1      | Reached XP level 1. HP: 10/10 MP: 2/2
   120 | D:1      | Reached skill level 5 in Dodging
   169 | D:1      | Reached XP level 2. HP: 10/14 MP: 3/3
   498 | D:1      | Reached XP level 3. HP: 18/18 MP: 4/4
   977 | D:2      | Reached skill level 6 in Dodging
  1397 | D:2      | Found a snail-covered altar of Cheibriados.
  1580 | D:2      | You fall into a shaft and drop 2 floors!
  1609 | D:4      | Reached XP level 4. HP: 15/22 MP: 5/5
  1612 | D:4      | Slain by a gnoll

Levels and vault maps discovered:
D:1:      evilmike_arrival_hilbert_curve, layout_basic
D:2:      layout_rooms, overflow_temple_1_default
D:4:      layout_gridville, nicolae_overflow_hidden_temple, first_ration

Skill      XL: |  1  2  3 |
---------------+----------+-----
Dodging        | 5 6 |  6.4
Long Blades    | 3 |  3.0
Fighting       | |  1.5
Throwing       | |  2.0

Action                   |  1- 3 |  4- 6 || total
-------------------------+-------+-------++-------
Melee: Long sword        |    96 |     3 ||    99
 Stab: Sleeping          |     3 |       ||     3
Armor: Robe              |     8 |       ||     8
Dodge: Dodged            |   112 |    13 ||   125
       Rpst.: Long sword |    32 |     4 ||    36

Table legend:
 A = Non-vault XP
 B = Vault XP
 C = Vault XP percentage of total XP
 D = Non-vault monster count
 E = Vault monster count
 F = Vault count percentage of total count
                 A         B        C        D         E       F
            +---------+---------+-------+---------+---------+-------
      Total |     101 |       0 |   0.0 |      36 |       0 |   0.0
            +---------+---------+-------+---------+---------+-------
        D:1 |      57 |       0 |   0.0 |      23 |       0 |   0.0
        D:2 |      30 |       0 |   0.0 |      12 |       0 |   0.0
        D:4 |      14 |       0 |   0.0 |       1 |       0 |   0.0
            +---------+---------+-------+---------+---------+-------
